 Dungeon Crawl Stone Soup version 0.29-a0-414-g5075937ec3 (webtiles) character file.

Game seed: 13375597087693521527

744 101zpm the Magician (level 8, -2/52 HPs)
             Began as a Djinni Fire Elementalist on May 15, 2022.
             Slain by a gnoll
             ... wielding a +0 club
              (6 damage)
             ... on level 4 of the Dungeon.
             The game lasted 00:08:42 (5854 turns).

101zpm the Magician (Djinni Fire Elementalist)      Turns: 5854, Time: 00:08:42

Health: -2/52      AC:  2    Str:  7    XL:     8   Next: 5%
Gold:   147        EV: 13    Int: 20    God:
                   SH:  0    Dex: 13

rFire   + + .      SeeInvis .   d - +0 demon whip
rCold   x . .      Faith    .   (no shield)
rNeg    . . .      Spirit   .   a - +0 robe
rPois   ∞          Reflect  .   (no helmet)
rElec   .          Harm     .   (no cloak)
rCorr   .          Rampage  .   (no gloves)
Will    .....                   (boots unavailable)
Stlth   ++........              (no amulet)
HPRegen 0.17/turn               (no ring)
MPRegen 0.00/turn               (no ring)

@: flying, very slightly contaminated
A: sickness immunity, fire resistance 2, cold vulnerability 1, float, innate
caster, HP casting, extra vitality 1
a: no special abilities


You were on level 4 of the Dungeon.
You visited 1 branch of the dungeon, and saw 5 of its levels.

You collected 147 gold pieces.

Inventory:

Hand Weapons
 d - a +0 demon whip (weapon)
Armour
 a - a +0 robe (worn)
 o - an orb of light
Wands
 k - a wand of digging (6)
Scrolls
 b - 6 scrolls of identify {unknown}
 e - a scroll of poison {unknown}
 f - 2 scrolls of fear {unknown}
 g - a scroll of amnesia {unknown}
 i - a scroll of teleportation {unknown}
Potions
 c - a potion of flight {unknown}
 h - a potion of might {unknown}
 j - a potion of curing {unknown}
 l - 2 potions of mutation {unknown}
 m - a potion of haste {unknown}
 n - a potion of resistance {unknown}


   Skills:
 + Level 1.0 Fighting
 + Level 2.0 Maces & Flails
 + Level 3.1 Dodging
 + Level 2.5 Stealth
 + Level 5.9 Spellcasting


You couldn't memorise any spells.
You knew the following spells:

 Your Spells              Type           Power      Damage    Failure   Level
a - Foxfire               Conj/Fire      100%       2x1d9     1%          1
b - Scorch                Fire           58%        2d8       1%          2
c - Conjure Flame         Conj/Fire      29%        6-21      2%          3
d - Inner Flame           Hex/Fire       29%        N/A       2%          3
e - Flame Wave            Conj/Fire      29%        2d8       9%          4
f - Magic Dart            Conj           100%       1d8       1%          1
g - Static Discharge      Conj/Air       29%        N/A       1%          2
h - Portal Projectile     Hex/Tloc       58%        N/A       2%          3
Your spell library was empty.

Dungeon Overview and Level Annotations

Branches:
Dungeon (5/15)             Temple (0/1) D:5

Altars:
Sif Muna

Shops:
D:2 *


Innate Abilities, Weirdness & Mutations

You are immune to sickness and miasma.
You are immune to poison.
Your flesh is very heat resistant. (rF++)
You are vulnerable to cold. (rC-)
You float through the air rather than walking.
You learn spells naturally, not from books.
Your magical power is your life essence.
You have superior vitality. (+4 MHP)


Message History

The orc shouts!
You hear a shout!
Found a stone staircase leading up.
There is a stone staircase leading up here.
Casting: Foxfire (safe; 1% risk of failure)
Confirm with . or Enter, or press ? or * to list all spells.
Casting: Flame Wave (dangerous; 9% risk of failure)
Press: ? - help, Dir - look around, f - activate You miscast Flame Wave.
You are very lightly contaminated with residual magic.
You are blasted with searing flames.
You resist.
The jackal bites you but does no damage.
The gnoll barely misses you. The gnoll hits you with a +0 whip!
A gnoll comes into view. It is wielding a +0 halberd.
Casting: Flame Wave (dangerous; 9% risk of failure)
Confirm with . or Enter, or press ? or * to list all spells.
Casting: Flame Wave (dangerous; 9% risk of failure)
Press: ? - help, Dir - look around, f - activate A wave of flame ripples out!
The flame wave engulfs the jackal!
You kill the jackal!
The flame wave engulfs the gnoll!
The gnoll is severely wounded.
The flame wave engulfs the gnoll!
The gnoll is almost dead. (Press . to intensify the flame waves.)
You hear a shout! x2; You hear a bark! x2; You hear a shout!
You hear a bark!
A jackal comes into view.
The gnoll sergeant barely misses you. The gnoll hits you with a +0 club.
The gnoll hits you with a +0 whip.
The gnoll sergeant hits you from afar with a +2 trident of protection!
* * * LOW HITPOINT WARNING * * *
The gnoll hits you with a +0 club.
* * * LOW HITPOINT WARNING * * *
The gnoll hits you with a +0 whip.
* * * LOW HITPOINT WARNING * * *
You fly upwards.
There is a stone staircase leading down here.
The gnoll attacks as you move away! The gnoll misses you.
The gnoll attacks as you move away! The gnoll completely misses you.
The gnoll attacks as you move away! The gnoll hits you with a +0 club.
You die...

≈≈≈≈≈#.#####................###
≈≈≈≈≈..####...................#
.≈≈≈≈.###.....................#
.≈≈≈≈.##..............#...#..##
.≈≈≈≈.................#...####
.≈≈≈≈................##..##
≈≈≈≈≈.)....<..#.#....##.##
≈≈≈≈≈)>.....####........##
≈≈≈≈.........#.g@..##....#
≈≈≈≈#..........>g..####..##
≈≈≈≈...#...........## ##..#
≈≈(≈...#......).....###...#
≈≈≈##.....................#
≈≈≈##...................###
≈≈≈.................#.###
≈≈88................#..#
.......................#


You could see 2 gnolls.

Vanquished Creatures
  Sigmund (D:2)
  An ogre (D:4)
  A howler monkey (D:4)
  2 hounds (D:4)
  3 orc priests (D:5)
  Jessica (D:2)
  3 iguanas
  Ijyb (D:3)
  Robin (D:2)
  5 adders
  5 gnolls
  11 orcs
  7 ball pythons
  4 endoplasms
  4 giant cockroaches
  15 goblins
  13 hobgoblins
  A jackal (D:5)
  A bat (D:1)
  2 frilled lizards (D:1)
  4 kobolds
  2 rats
88 creatures vanquished.

Vanquished Creatures (others)
  328 foxfires
  3 fungi (D:5)
331 creatures vanquished.

Grand Total: 419 creatures vanquished

Notes
Turn   | Place    | Note
-------+----------+-------------------------------------------
     0 | D:1      | 101zpm the Djinni Fire Elementalist began the quest for the
                  | Orb.
     0 | D:1      | Reached XP level 1. HP: 15/15 MP: 0/0
   129 | D:1      | Reached XP level 2. HP: 10/21 MP: 0/0
   841 | D:1      | Reached skill level 3 in Spellcasting
  1091 | D:1      | Reached XP level 3. HP: 21/25 MP: 0/0
  1091 | D:1      | Learned a level 1 spell: Magic Dart
  2639 | D:2      | Noticed Sigmund
  2865 | D:2      | Killed Sigmund
  2866 | D:2      | Reached skill level 1 in Maces & Flails
  2866 | D:2      | Reached XP level 4. HP: 16/31 MP: 0/0
  2866 | D:2      | Reached XP level 5. HP: 18/36 MP: 0/0
  2866 | D:2      | Learned a level 2 spell: Static Discharge
  2866 | D:2      | Reached XP level 6. HP: 21/41 MP: 0/0
  2965 | D:2      | Noticed Jessica
  2968 | D:2      | Killed Jessica
  2969 | D:2      | Reached skill level 1 in Fighting
  2969 | D:2      | Reached skill level 4 in Spellcasting
  3130 | D:2      | Found Zauwiwio's Assorted Antiques.
  3701 | D:2      | Noticed Robin
  3708 | D:2      | Killed Robin
  3906 | D:3      | Noticed Ijyb
  3912 | D:3      | Killed Ijyb
  4091 | D:5      | Entered Level 5 of the Dungeon
  4091 | D:5      | Found a staircase to the Ecumenical Temple.
  4097 | D:4      | Noticed an ogre
  4105 | D:4      | Killed an ogre
  4106 | D:4      | Reached XP level 7. HP: 14/47 MP: 0/0
  4106 | D:4      | Learned a level 3 spell: Portal Projectile
  4672 | D:4      | Reached skill level 5 in Spellcasting
  5065 | D:4      | You are sucked into a shaft and drop 1 floor!
  5107 | D:5      | Reached XP level 8. HP: 2/52 MP: 0/0
  5854 | D:4      | Slain by a gnoll

Illustrated notes

Levels and vault maps discovered:
D:1:      onia_arrival_mini_spirals, layout_basic, minivault_4
D:2:      layout_basic, serial_shops, shop, uniq_jessica, uniq_robin,
          uniq_sigmund
D:3:      layout_loops_corners, lemuel_zombie_altar_kikubaaqudgha,
          ebering_ecumenical_altar_webs, pf_guarded_unrand_meek, uniq_ijyb
D:4:      wander_river, layout_cave_pools
D:5:      nicolae_BIG_FREAKIN_CUBE, layout_cave_pools,
          mainiacjoe_overflow_cross_hatched, amcnicky_altar_gilded,
          lemuel_doored_altar, zin_scriptorium, kennysheep_little_box,
          serial_gnoll_camp, gnoll_camp_huts_basic, gnoll_camp_mini_loothouse,
          gnoll_camp_mini_sergeant, gnoll_camp_mini_hut

Skill      XL: |  1  2  3  4  5  6  7 |
---------------+----------------------+-----
Spellcasting   | 3 4 5 |  5.9
Maces & Flails | 1 2 |  2.0
Stealth        | 2 |  2.5
Fighting       | 1 |  1.0
Dodging        | 3 |  3.1

Action                   |  1- 3 |  4- 6 |  7- 9 || total
-------------------------+-------+-------+-------++-------
Melee: Demon whip        |    35 |       |       ||    35
 Cast: Foxfire           |    88 |    54 |    56 ||   198
       Scorch            |     4 |     6 |    16 ||    26
       Inner Flame       |     1 |     3 |    24 ||    28
       Flame Wave        |       |     1 |     1 ||     2
 Stab: Sleeping          |     1 |       |       ||     1
Armor: Robe              |     6 |       |     1 ||     7
Dodge: Dodged            |    26 |       |     9 ||    35

Table legend: (Time is in decaauts)
 A = Elapsed time spent in this place.
 B = Non-inter-level travel time spent in this place.
 C = Inter-level travel time spent in this place.
 D = Time resting spent in this place.
 E = Time spent auto-exploring this place.
 F = Levels seen in this place.
 G = Mean time per level.
                   A        B        C        D        E       F      G
               +--------+--------+--------+--------+--------+-----+--------+
         Total |   5860 |   5762 |     98 |    910 |   4269 |   5 | 1172.0 |
       Dungeon |   5860 |   5762 |     98 |    910 |   4269 |   5 | 1172.0 |
               +--------+--------+--------+--------+--------+-----+--------+

Top non-repeatable levels by time:
     D:2: 2081 daAuts
     D:1: 1824 daAuts
     D:4: 1401 daAuts
     D:3: 478 daAuts
     D:5: 74 daAuts
